 Dungeon Crawl Stone Soup version 0.30-a0-390-g80c34de65d (webtiles) character file.

Game seed: 12403827301858730025

89 pokeman the Magician (level 4, 0/25 HPs)
             Began as a Deep Elf Hedge Wizard on Dec 4, 2022.
             Slain by a goblin
             ... wielding a +0 club
              (4 damage)
             ... on level 3 of the Dungeon.
             The game lasted 00:04:10 (2004 turns).

pokeman the Magician (Deep Elf Hedge Wizard)        Turns: 2004, Time: 00:04:10

Health: 0/25       AC:  2    Str:  7    XL:     4   Next: 31%
Magic:  1/13       EV: 12    Int: 21    God:
Gold:   116        SH:  0    Dex: 14    Spells: 6/14 levels left

rFire   . . .      SeeInvis .    a - +0 dagger
rCold   . . .      Faith    .    (no shield)
rNeg    . . .      Spirit   .    b - +0 robe
rPois   .          Reflect  .    c - +0 hat
rElec   .          Harm     .    (no cloak)
rCorr   .          Rampage  .    (no gloves)
Will    .....                    (no boots)
Stlth   ++........               (no amulet)
HPRegen 0.24/turn                (no ring)
MPRegen 0.13/turn                (no ring)

@: no status effects
A: no striking features
a: no special abilities


You were on level 3 of the Dungeon.
You visited 1 branch of the dungeon, and saw 3 of its levels.

You collected 116 gold pieces.

Inventory:

Hand Weapons
 a - a +0 dagger (weapon)
Armour
 b - a +0 robe (worn)
 c - a +0 hat (worn)
Scrolls
 h - a scroll of magic mapping {unknown}
 i - 2 scrolls of teleportation {unknown}
 j - a scroll of identify {unknown}
 k - a scroll of noise {unknown}
Potions
 d - 2 potions of magic
 e - a potion of might {unknown}
 f - 2 potions of attraction {unknown}
 g - 3 potions of curing {unknown}
 l - a potion of heal wounds {unknown}
 m - a potion of ambrosia {unknown}


   Skills:
 - Level 1.0 Fighting
 - Level 1.0 Armour
 + Level 2.6 Dodging
 + Level 2.7 Stealth
 * Level 5.6 Spellcasting
 + Level 2.2 Conjurations
 - Level 1.1 Summonings
 - Level 1.1 Translocations


You had 6 spell levels left.
You knew the following spells:

 Your Spells              Type           Power      Damage    Failure   Level
a - Magic Dart            Conj           60%        1d6       4%          1
b - Mephitic Cloud        Conj/Pois/Air  9%         N/A       22%         3
c - Call Imp              Summ           10%        N/A       10%         2
d - Blink                 Tloc           20%        N/A       10%         2

Your spell library contained the following spells:

 Spells                   Type           Power      Damage    Failure   Level
 Apportation              Tloc           20%        N/A       6%          1
 Slow                     Hex            20%        N/A       11%         1
 Cigotuvi's Dreadful Rot  Necr/Pois/Air  10%        N/A       16%         2
 Alistair's Intoxication  Tmut/Pois      3%         N/A       96%         5


Dungeon Overview and Level Annotations

Branches:
Dungeon (3/15)

Altars:
Xom

Shops:
D:1 :


Message History

You closely miss the orc. The orc misses you.
You hit the orc.
The orc is lightly wounded.
The orc hits you with a +0 whip.
You barely miss the orc.
The orc is lightly wounded.
The orc hits you with a +0 whip.
* * * LOW HITPOINT WARNING * * *
Casting: Magic Dart (safe; 4% risk of failure)
Confirm with . or Enter, or press ? or * to list all spells.
Aiming: Magic Dart (safe; 4% risk of failure)
Press: ? - help, Shift-Dir - straight line, f - orc
Aim: an orc, wielding a +0 whip and wearing a +0 leather armour (lightly wounded, 100% to hit)
You miscast Magic Dart.
You are very lightly contaminated with residual magic.
Nothing appears to happen.
The orc hits you with a +0 whip.
* * * LOW HITPOINT WARNING * * *
The orc attacks as you move away! The orc hits you but does no damage.
The orc attacks as you move away! The orc hits you with a +0 whip.
* * * LOW HITPOINT WARNING * * *
The orc barely misses you.
Your magical contamination has completely faded away.
A goblin comes into view. It is wielding a +0 club.
Casting: Magic Dart (safe; 4% risk of failure)
Confirm with . or Enter, or press ? or * to list all spells.
A beastly little devil appears in a puff of frigid air.
The orc hits you with a +0 whip.
* * * LOW HITPOINT WARNING * * *
Found an escape hatch in the floor.
Your white imp gestures at the orc.
The puff of frost hits the orc.
You catch the helpless orc completely off-guard!
You hit the orc.
You kill the orc!
Found a dagger.
Your white imp barely misses the goblin.
You hit the goblin but do no damage. The goblin barely misses you.
Your white imp misses the goblin.
You hit the goblin but do no damage. The goblin hits you with a +0 club.
You die...

.....##.........
........##....# )#
...........)?.# .#
>.............# ###.####
.....).......# #......#
#####...).....###....>.#
......†<.......##......#
#####..................#
#.........5g@......#
#.....†....##......#
#..........##......#
##.......†.##......#
#..........#......#
......#####..##.#####
......## ##.# .# .....##
#...# ..... #..


You could see a goblin (ally target) and a friendly white imp (summoned).

Vanquished Creatures
  Natasha (D:3)
  3 adders
  3 orcs (D:3)
  6 ball pythons
  7 bats
  4 endoplasms
  A giant cockroach (D:1)
  2 goblins
  3 hobgoblins
  A jackal (D:1)
  4 frilled lizards
  A kobold (D:2)
  A rat (D:1)
37 creatures vanquished.

Notes
Turn   | Place    | Note
-------+----------+-------------------------------------------
     0 | D:1      | pokeman the Deep Elf Hedge Wizard began the quest for the
                  | Orb.
     0 | D:1      | Reached XP level 1. HP: 10/10 MP: 7/7
   153 | D:1      | Found a faded altar of an unknown god.
   270 | D:1      | Reached XP level 2. HP: 16/16 MP: 6/9
   618 | D:1      | Found Orysecai's Book Shop.
  1042 | D:2      | Reached skill level 5 in Spellcasting
  1171 | D:2      | Reached XP level 3. HP: 20/20 MP: 9/11
  1175 | D:2      | Learned a level 3 spell: Mephitic Cloud
  1178 | D:2      | Learned a level 2 spell: Call Imp
  1181 | D:2      | Learned a level 2 spell: Blink
  1731 | D:2      | Found a shimmering altar of Xom.
  1915 | D:3      | Reached skill level 1 in Fighting
  1915 | D:3      | Reached skill level 1 in Armour
  1953 | D:3      | Noticed Natasha
  1966 | D:3      | Killed Natasha
  1967 | D:3      | Reached XP level 4. HP: 15/25 MP: 1/13
  2004 | D:3      | Slain by a goblin

Illustrated notes

Levels and vault maps discovered:
D:1:      saegor_arrival_simple_d, layout_basic, ebering_ecumenical_altar_ruins,
          serial_shops, nicolae_shop_stone, st_stairs_8,
          hangedman_abyss_or_decor_lesser_grid
D:2:      layout_basic, basic_altar, eino_tiny_chamber
D:3:      layout_rooms, lemuel_round_altar, uniq_crazy_yiuf_cottage,
          uniq_natasha

Skill      XL: |  1  2  3 |
---------------+----------+-----
Spellcasting   | 5 |  5.6
Fighting       | 1 |  1.0
Armour         | 1 |  1.0
Conjurations   | 2 |  2.2
Dodging        | |  2.6
Stealth        | |  2.7
Summonings     | |  1.1
Translocations | |  1.1

Action                   |  1- 3 |  4- 6 || total
-------------------------+-------+-------++-------
Melee: Dagger            |     3 |    17 ||    20
 Cast: Magic Dart        |    82 |     2 ||    84
       Mephitic Cloud    |     2 |       ||     2
       Call Imp          |       |     1 ||     1
 Stab: Confused          |     1 |       ||     1
       Distracted        |       |     1 ||     1
Armor: Robe              |     3 |     1 ||     4
Dodge: Dodged            |    14 |     9 ||    23

Table legend: (Time is in decaauts)
 A = Elapsed time spent in this place.
 B = Non-inter-level travel time spent in this place.
 C = Inter-level travel time spent in this place.
 D = Time resting spent in this place.
 E = Time spent auto-exploring this place.
 F = Levels seen in this place.
 G = Mean time per level.
                   A        B        C        D        E       F      G
               +--------+--------+--------+--------+--------+-----+--------+
         Total |   2004 |   1936 |     68 |      4 |   1720 |   3 |  668.0 |
       Dungeon |   2004 |   1936 |     68 |      4 |   1720 |   3 |  668.0 |
               +--------+--------+--------+--------+--------+-----+--------+

Top non-repeatable levels by time:
     D:1: 1009 daAuts
     D:2: 884 daAuts
     D:3: 109 daAuts
